 Dungeon Sprint DCSS version 0.26-a0-662-g8b9c6dab81 (webtiles) character file.

Game seed: 4036245208490447053

1176 olmar the Cleaver (level 8, -1/82 HPs)
             Began as a Deep Dwarf Fighter on Oct 10, 2020.
             Was an Initiate of Gozag.
             Succumbed to Sonja's curare-tipped dart
             ... in the Dungeon (Sprint I: "Red Sonja").
             The game lasted 00:03:13 (316 turns).

olmar the Cleaver (Deep Dwarf Fighter)               Turns: 316, Time: 00:03:13

Health: -1/82      AC:  8    Str: 22    XL:     8   Next: 18%
Magic:  7/7        EV:  9    Int:  9    God:    Gozag
Gold:   169        SH: 12    Dex: 12    Spells: 7/7 levels left

rFire    . . .     SeeInvis .   a - +0 war axe
rCold    . . .     Faith    .   c - +0 kite shield
rNeg     . . .     Spirit   .   b - +0 scale mail
rPois    .         Reflect  .   (no helmet)
rElec    .         Harm     .   (no cloak)
rCorr    .         Rampage  .   (no gloves)
MR       +....     NoTele   +   (no boots)
Stlth    ..........             (no amulet)
HPRegen  0.00/turn              (no ring)
MPRegen  0.10/turn              (no ring)

@: lethally poisoned (-1 -> -22), non-regenerating, slowed, very slow
A: damage resistance, heal wounds, sense surroundings 1, no regeneration
a: Heal Wounds, Potion Petition, Call Merchant, Bribe Branch, Renounce Religion


You were in the Dungeon.
You worshipped Gozag.
Gozag was aware of your devotion.
You visited 1 branch You collected 645 gold pieces.
You spent 476 gold pieces at shops.

Inventory:

Hand Weapons
 a - a +0 war axe (weapon)
Armour
 b - a +0 scale mail (worn)
 c - a +0 kite shield (worn)
Wands
 f - a wand of flame (15)
Scrolls
 j - 2 scrolls of blinking
 k - a scroll of fear
 l - a scroll of remove curse
Potions
 d - a potion of mutation
 e - a potion of stabbing
 g - 2 potions of haste
 h - 2 potions of magic


   Skills:
 + Level 8.3 Fighting
 + Level 11.2 Axes
 + Level 10.3 Armour
 - Level 0.2 Dodging
 + Level 9.9 Shields


You had 7 spell levels left.
You didn't know any spells.
Your spell library was empty.

Dungeon Overview and Level Annotations

Branches:
Dungeon (1/1)

Altars:
Cheibriados
Dithmenos
Elyvilon
Fedhas
Gozag
Hepliaklqana
Kikubaaqudgha
Makhleb
Nemelex Xobeh
Okawaru
Qazlal
Ru
Sif Muna
Trog
Uskayaw
Vehumet
Wu Jian
Xom
Yredelemnul
Zin
The Shining One
Jiyva
Lugonu

Shops:
D *

Annotations:
D Sonja


Innate Abilities, Weirdness & Mutations

You are resistant to damage.
You can heal yourself by infusing magical energy.
You passively map a small area around you.
You do not regenerate.


Message History

Sonja throws a curare-tipped dart.
The curare-tipped dart hits you.
You are lethally poisoned!
You have difficulty breathing.
You feel as though you will be slow longer.
Unknown command.
Unknown command.
* * * LOW HITPOINT WARNING * * *
You feel extremely sick.
Sonja gestures wildly while chanting.
Sonja blinks!
Unknown command.
* * * LOW HITPOINT WARNING * * *
You feel extremely sick.
There is an open door here.
You fail to use your ability.
* * * LOW HITPOINT WARNING * * *
You feel very sick.
Unknown command.
You die...
Your body crumbles into a pile of gold.

#<.#..)..#.)'..#__#..'...#,$
,$
#..').#..'..#..'^.'..#)..# $
#..#####'#####'#__####...+ ,
$
#..####..#...#.####,$#####,
$* #..#__####..##(#≈ $$ *
#..#_____##'#_.+ ≈≈, +,
#⌠⌠#_.∩...'K.._# *$$ ,
####_..__##_(#'# + *
$$#_____###+#@# * $ , *
#######*#.### $ $ $.$ $$ $$
$∩ , , * * $.$ * $ $ ,, *
##.## , , $ $ , $#+#$ $ $ ,
* ,, $ $ $*+ + $ , $$$$$* ,
, $$


There were no monsters in sight!

Vanquished Creatures
  2 kobold demonologists (D)
  A slime creature (D)
  Sigmund (D)
  A yak (D)
  A floating eye (D)
  An ogre (D)
  A jelly (D)
  Ijyb (D)
9 creatures vanquished.

Notes
Turn   | Place    | Note
-------+----------+-------------------------------------------
     0 | D        | olmar the Deep Dwarf Fighter began the quest for the Orb.
     0 | D        | Reached XP level 1. HP: 20/20 MP: 1/1
     1 | D        | Noticed Ijyb
    23 | D        | Killed Ijyb
    23 | D        | Reached skill level 3 in Axes
    23 | D        | Reached XP level 2. HP: 21/30 MP: 2/2
    27 | D        | Noticed an ogre
    31 | D        | Killed an ogre
    31 | D        | Reached skill level 5 in Fighting
    31 | D        | Reached skill level 4 in Axes
    31 | D        | Reached XP level 3. HP: 21/39 MP: 3/3
    31 | D        | Reached XP level 4. HP: 25/46 MP: 4/4
    84 | D        | Noticed Sigmund
   123 | D        | Killed Sigmund
   123 | D        | Reached skill level 6 in Axes
   123 | D        | Reached XP level 5. HP: 36/55 MP: 5/5
   135 | D        | Found a shimmering blue altar of Sif Muna.
   136 | D        | Found an ornate altar of the Wu Jian Council.
   137 | D        | Found a radiant altar of Vehumet.
   141 | D        | Reached XP level 6. HP: 37/63 MP: 6/6
   167 | D        | Found Yhiet's General Store.
   167 | D        | Found an ancient bone altar of Kikubaaqudgha.
   167 | D        | Found a hazy altar of Hepliaklqana.
   167 | D        | Found a hide-covered altar of Uskayaw.
   167 | D        | Found a basalt altar of Yredelemnul.
   167 | D        | Found an opulent altar of Gozag.
   167 | D        | Found a snail-covered altar of Cheibriados.
   167 | D        | Found a sacrificial altar of Ru.
   167 | D        | Found a shadowy altar of Dithmenos.
   167 | D        | Noticed a yak
   191 | D        | Killed a yak
   191 | D        | Reached skill level 8 in Axes
   192 | D        | Found a stormy altar of Qazlal.
   192 | D        | Found a blossoming altar of Fedhas.
   192 | D        | Found a bloodstained altar of Trog.
   192 | D        | Found an iron altar of Okawaru.
   192 | D        | Found a glowing golden altar of the Shining One.
   192 | D        | Found a glowing silver altar of Zin.
   192 | D        | Found a white marble altar of Elyvilon.
   193 | D        | Found a sparkling altar of Nemelex Xobeh.
   197 | D        | Became a worshipper of Cheibriados the Contemplative
   201 | D        | Bought a scroll of identify for 28 gold pieces
   201 | D        | Bought a scroll of blinking for 105 gold pieces
   201 | D        | Bought a scroll of fear for 49 gold pieces
   201 | D        | Bought a scroll of remove curse for 42 gold pieces
   213 | D        | Fell from the grace of Cheibriados
   213 | D        | Became a worshipper of Gozag Ym Sagoz the Greedy
   224 | D        | Found a burning altar of Makhleb.
   224 | D        | Found a viscous altar of Jiyva.
   224 | D        | Found a shimmering altar of Xom.
   224 | D        | Found a corrupted altar of Lugonu.
   224 | D        | Noticed a slime creature
   237 | D        | Killed a slime creature
   237 | D        | Reached skill level 9 in Axes
   237 | D        | Reached XP level 7. HP: 54/72 MP: 6/6
   253 | D        | Noticed a kobold demonologist
   254 | D        | Noticed a kobold demonologist
   257 | D        | Noticed a ynoxinul
   258 | D        | Noticed a smoke demon
   259 | D        | Killed a kobold demonologist
   259 | D        | Reached skill level 10 in Axes
   259 | D        | Reached skill level 10 in Armour
   261 | D        | Noticed a smoke demon
   271 | D        | Killed a kobold demonologist
   271 | D        | Reached skill level 11 in Axes
   271 | D        | Reached XP level 8. HP: 58/82 MP: 7/7
   295 | D        | Bought a potion of haste for 140 gold pieces
   295 | D        | Bought a potion of mutation for 112 gold pieces
   304 | D        | Noticed Sonja
   316 | D        | Succumbed to Sonja's curare-tipped dart

Illustrated notes

Levels and vault maps discovered:
D:        dungeon_sprint_1 [red_sonja_temple_1, red_sonja_temple_small_1]

Skill      XL: |  1  2  3  4  5  6  7 |
---------------+----------------------+-----
Fighting       | 3 5 6 7 8 |  8.3
Axes           | 3 4 6 9 11 | 11.2
Armour         | 4 6 8 9 10 | 10.3
Shields        | 4 6 7 8 9 |  9.9
Dodging        | |  0.2

Action                   |  1- 3 |  4- 6 |  7- 9 || total
-------------------------+-------+-------+-------++-------
Melee: War axe           |    23 |    65 |    16 ||   104
 Abil: Heal Wounds       |       |     8 |     2 ||    10
Evoke: Wand              |       |       |     3 ||     3
  Use: Potion            |     2 |     1 |     1 ||     4
       Scroll            |       |       |     1 ||     1
Armor: Scale mail        |     9 |    11 |    16 ||    36
Dodge: Dodged            |     1 |    13 |    10 ||    24
Block: Kite shield       |     7 |    25 |    23 ||    55

Table legend: (Time is in decaauts)
 A = Elapsed time spent in this place.
 B = Non-inter-level travel time spent in this place.
 C = Inter-level travel time spent in this place.
 D = Time resting spent in this place.
 E = Time spent auto-exploring this place.
 F = Levels seen in this place.
 G = Mean time per level.
                   A        B        C        D        E       F      G
               +--------+--------+--------+--------+--------+-----+--------+
         Total |    380 |    380 |      0 |     50 |      0 |   1 |  380.0 |
       Dungeon |    380 |    380 |      0 |     50 |      0 |   1 |  380.0 |
               +--------+--------+--------+--------+--------+-----+--------+

Top non-repeatable levels by time:
       D: 380 daAuts
